 Dungeon Crawl Stone Soup version 0.21.1-1-g345015f (webtiles) character file.

454 Lanoc the Slasher (level 7, -11/37 HPs)
             Began as a Vine Stalker Monk on Mar 20, 2018.
             Was an Elder of Elyvilon.
             Mangled by Duvessa
             ... wielding a +6 short sword of flaming
              (16 damage)
             ... on level 4 of the Dungeon.
             The game lasted 00:07:24 (2440 turns).

Lanoc the Slasher (Vine Stalker Monk)               Turns: 2440, Time: 00:07:26

Health: -11/37     AC:  2    Str: 13    XL:     7   Next: 5%
Magic:  0/8        EV: 14    Int: 10    God:    Elyvilon [****..]
Gold:   137        SH:  0    Dex: 19    Spells: 6/6 levels left

rFire    . . .     SeeInvis .   y - +1 great sword (slice)
rCold    . . .     Gourm    .   (shield currently unavailable)
rNeg     + . .     Faith    +   b - +0 robe
rPois    .         Spirit   +   (no helmet)
rElec    .         Reflect  .   (no cloak)
rCorr    .         Harm     .   (no gloves)
MR       .....                  (no boots)
Stlth    +.........             l - amulet of faith
HPRegen  0.52/turn              g - ring of flight
MPRegen  0.11/turn              B - ring of positive energy

@: glowing
A: fangs 2, regeneration 1, magic shield, antimagic bite, no potion heal 3, rot
immunity
a: Lesser Healing, Heal Other, Purification, Greater Healing, Divine Protection,
Renounce Religion, Evoke Flight


You were on level 4 of the Dungeon.
You worshipped Elyvilon.
Elyvilon was greatly pleased with you.
You were not hungry.

You visited 1 branch of the dungeon, and saw 4 of its levels.

You collected 137 gold pieces.

Inventory:

Hand Weapons
 a - a +0 falchion
 y - a +1 great sword of slicing (weapon)
Missiles
 d - 74 bolts
Armour
 b - a +0 robe (worn)
Jewellery
 g - a ring of flight (left hand)
 l - an amulet of faith (around neck)
 B - a ring of positive energy (right hand)
Scrolls
 e - 2 scrolls of teleportation
 h - 2 scrolls of fear {unknown}
 j - a scroll of enchant armour {unknown}
 k - a scroll of remove curse
 m - 3 scrolls of blinking {unknown}
 n - a scroll of immolation {unknown}
 o - 3 scrolls of identify {unknown}
 r - a scroll of magic mapping {unknown}
 s - 3 scrolls of random uselessness {unknown}
 v - a scroll of enchant weapon {unknown}
Potions
 f - a potion of resistance {unknown}
 i - a potion of magic {unknown}
 p - a potion of haste {unknown}
 q - 3 potions of flight {unknown}
 t - a potion of heal wounds {unknown}
 u - a potion of agility {unknown}
 w - a potion of brilliance {unknown}
 A - a potion of degeneration {unknown}
Books
 x - a book of Cantrips

   Spells                             Type                      Level
   a - Confusing Touch                Hexes                        1
   b - Animate Skeleton               Necromancy                   1
   c - Summon Small Mammal            Summoning                    1
   d - Apportation                    Translocation                1
Comestibles
 c - 10 rations
 z - 4 chunks of flesh


   Skills:
 + Level 3.9 Fighting
 * Level 4.8 Long Blades
 + Level 2.3 Armour
 + Level 3.5 Dodging
 - Level 2.4 Stealth


You had 6 spell levels left.
You didn't know any spells.

Dungeon Overview and Level Annotations

Branches:
Dungeon (4/15)
 Temple: D:4-7

Altars:
Elyvilon
Qazlal

Annotations:
D:4 Duvessa


Innate Abilities, Weirdness & Mutations

You have extremely sharp teeth.
Your natural rate of healing is unusually fast.
When hurt, damage is shared between your health and your magic reserves.
Your bite disrupts and absorbs the magic of your enemies.
Potions cannot restore your health.
You are immune to rotting.


Message History

You slash Dowan!
You kill Dowan!
Duvessa weeps, then rights herself and shakes her weapon.
Duvessa goes berserk!
You have reached level 7!
You hear a shout! x2
You hit Duvessa but do no damage. You bite Duvessa, but do no damage.
Duvessa hits you with a short sword of flaming!
Duvessa burns you.
Duvessa hits you with a short sword of flaming.
Duvessa burns you. 2 orcs and a skeleton come into view.
You are too injured to fight recklessly!
You completely miss Duvessa. You bite Duvessa, but do no damage.
Duvessa hits you with a short sword of flaming!
* * * LOW HITPOINT WARNING * * *
Duvessa burns you.
* * * LOW HITPOINT WARNING * * *
Duvessa hits you with a short sword of flaming!!
You die...

.....#....#.# #.##.#######<.....
.....#....#..# #.# .# #......
..........##.# #.##.# #####......
.............. ...) ...........
......#.####<###.## ####...†...
.................. # #.#.....
#.###.....##..##.# ............
#.#####.####..##.##..#####.#.....
#..............?@e.$.... ..######
##############...#...##### #...#
..# #...# .# #...# # ##.o# ..oZ
..... ###§§§§


You could see Duvessa (berserk), 2 orcs and a bullfrog skeleton.

Vanquished Creatures
  A scorpion (D:3)
  Dowan (D:4)
  An orc priest (D:3)
  Jessica (D:2)
  Ijyb (D:4)
  Natasha (thrice) (D:2)
  2 orc wizards
  A worker ant (D:4)
  6 adders
  An adder skeleton (D:4)
  2 worms
  A dart slug (D:3)
  2 leopard geckos
  7 orcs
  8 bats
  5 giant cockroaches
  9 goblins
  4 hobgoblins
  3 ball pythons
  3 frilled lizards
  3 kobolds
  6 rats
  A toadstool (D:1)
72 creatures vanquished.

Vanquished Creatures (others)
  3 toadstools (D:1)
3 creatures vanquished.

Grand Total: 75 creatures vanquished

Notes
Turn   | Place    | Note
-------+----------+-------------------------------------------
     0 | D:1      | Lanoc the Vine Stalker Monk began the quest for the Orb.
     0 | D:1      | Reached XP level 1. HP: 11/11 MP: 2/2
   204 | D:1      | Reached XP level 2. HP: 14/16 MP: 3/3
   223 | D:1      | Reached skill level 3 in Long Blades
   911 | D:2      | Noticed Natasha
   918 | D:2      | Killed Natasha
   918 | D:2      | Reached XP level 3. HP: 9/20 MP: 2/4
   932 | D:2      | Reached skill level 1 in Armour
  1048 | D:2      | Gained mutation: Your natural rate of healing is unusually fast. [Vine Stalker growth]
  1048 | D:2      | Reached XP level 4. HP: 9/24 MP: 3/5
  1120 | D:2      | Noticed Natasha
  1121 | D:2      | Noticed Jessica
  1128 | D:2      | Killed Natasha
  1130 | D:2      | Killed Jessica
  1130 | D:2      | Reached XP level 5. HP: 23/28 MP: 3/6
  1356 | D:2      | Noticed Natasha
  1367 | D:2      | Killed Natasha
  1367 | D:2      | Reached skill level 4 in Long Blades
  1562 | D:3      | Found a faded altar of an unknown god.
  1564 | D:3      | Became a worshipper of Elyvilon the Healer
  1564 | D:3      | Reached * piety under Elyvilon
  1564 | D:3      | Reached ** piety under Elyvilon
  1651 | D:3      | Reached *** piety under Elyvilon
  1679 | D:3      | Reached XP level 6. HP: 23/32 MP: 5/7
  2264 | D:4      | Noticed Ijyb
  2268 | D:4      | Killed Ijyb
  2362 | D:4      | Reached **** piety under Elyvilon
  2365 | D:4      | Found a stormy altar of Qazlal.
  2433 | D:4      | Noticed Dowan
  2434 | D:4      | Noticed Duvessa
  2438 | D:4      | Killed Dowan
  2438 | D:4      | Reached XP level 7. HP: 37/37 MP: 8/8
  2440 | D:4      | Mangled by Duvessa

Skill      XL: |  1  2  3  4  5  6 |
---------------+-------------------+-----
Long Blades    | 3 4 |  4.8
Fighting       | 3 |  3.9
Armour         | 1 2 |  2.3
Dodging        | 3 |  3.5
Stealth        | |  2.4

Action                   |  1- 3 |  4- 6 |  7- 9 || total
-------------------------+-------+-------+-------++-------
Melee: Falchion          |    78 |    96 |       ||   174
       Bite              |    20 |    41 |     2 ||    63
       Great sword       |       |    31 |     2 ||    33
  Use: Scroll            |       |     2 |       ||     2
 Stab: Sleeping          |     5 |     6 |       ||    11
  Eat: Chunk             |     1 |     4 |       ||     5
Armor: Robe              |    18 |    19 |       ||    37
Dodge: Dodged            |    60 |   109 |       ||   169
       Rpst.: Falchion   |    15 |    32 |       ||    47
       Great sword       |       |     4 |       ||     4
